 Dungeon Crawl Stone Soup version 0.13-a0-2676-gd993d8a (webtiles) character file.

183 Rycklaryybbe the Sneak (level 4, -2/30 HPs)
             Began as a Vampire Enchanter on Aug 12, 2013.
             Slain by a kobold
             ... wielding a +2,+2 short sword
              (3 damage)
             ... on Level 3 of the Dungeon.
             The game lasted 00:06:09 (2517 turns).

Rycklaryybbe the Sneak (Vampire Enchanter)          Turns: 2517, Time: 00:06:09

HP  -2/30        AC  3     Str  8      XL: 4   Next: 47%
MP   3/8         EV 12     Int 17      God:
Gold 83          SH  0     Dex 14      Spells:  2 memorised,  2 levels left

Res.Fire  : . . .   See Invis. : +   s - +0 scimitar
Res.Cold  : . . .   Warding    : .   i - +1 robe {MR+}
Life Prot.: + . .   Conserve   : .   (no shield)
Res.Poison: .       Res.Corr.  : .   (no helmet)
Res.Elec. : .       Clarity    : .   (no cloak)
Sust.Abil.: . .     Spirit.Shd : .   (no gloves)
Res.Mut.  : .       Stasis     : .   (no boots)
Res.Rott. : .       Flight     : .   (no amulet)
Saprovore : . . .                    (no ring)
                                     (no ring)

@: very slightly contaminated, somewhat resistant to hostile enchantments, very
stealthy
A: fangs 3, see invisible, unbreathing
a: Bat Form


You were on level 3 of the Dungeon.
You were not thirsty.

You visited 1 branch of the dungeon, and saw 3 of its levels.

You collected 63 gold pieces.

Inventory:

Hand weapons
 a - a +1,+1 dagger {=f}
 n - a +0,+0 sabre
 s - a +0,+0 scimitar (weapon)
Missiles
 d - 8 darts (quivered)
Armour
 b - a +1 robe
 i - a +1 robe of magic resistance (worn)
Scrolls
 h - 2 scrolls of fear {unknown}
 j - 3 scrolls of teleportation {unknown}
 k - a scroll of noise {unknown}
 l - a scroll of enchant weapon II {unknown}
 m - a scroll of remove curse {unknown}
 o - a scroll of enchant armour {unknown}
 q - a scroll of curse armour {unknown}
Potions
 e - a potion of coagulated blood
 f - a potion of paralysis {unknown}
 g - a potion of brilliance {unknown}
 p - a potion of speed {unknown}
 r - a potion of magic {unknown}
Books
 c - a book of Maledictions

   Spells                             Type                      Level
   *Corona                            Hexes                        1
   Sure Blade                         Hexes/Charms                 2
   *Ensorcelled Hibernation           Hexes/Ice                    2
   Confuse                            Hexes                        3
   Enslavement                        Hexes                        4
   Invisibility                       Hexes                        6


   Skills:
 - Level 1.1 Short Blades
 - Level 0.7 Throwing
 - Level 2.1 Dodging
 + Level 7.5 Stealth
 - Level 1.0 Spellcasting
 - Level 4.4 Hexes


You had 2 spell levels left.
You knew the following spells:

 Your Spells              Type           Power        Failure   Level  Hunger
a - Corona                Hex            ###....      3%          1    ##.....
b - Ensorcelled Hibernat  Hex/Ice        #.....       17%         2    ###....


Dungeon Overview and Level Annotations

Branches:
Dungeon (3/27)

Altars:
Cheibriados

Annotations
D:2 Terence


Innate Abilities, Weirdness & Mutations

You have razor-sharp teeth.*
You have supernaturally acute eyesight.
You can survive without breathing.*


Message History

Confirm with . or Enter, or press ? or * to list all spells.
Aiming: Ensorcelled Hibernation
Press: ? - help, Shift-Dir - straight line, f/p - kobold
Aim: a kobold, wielding a short sword The kobold resists.
You hear the slow rusting of a distant drain.
The kobold hits you but does no damage.
Casting: Ensorcelled Hibernation
Confirm with . or Enter, or press ? or * to list all spells.
Aiming: Ensorcelled Hibernation
Press: ? - help, Shift-Dir - straight line, f/p - kobold
Aim: a kobold, wielding a short sword The kobold easily resists.
The kobold hits you with a short sword!
* * * LOW HITPOINT WARNING * * *
There is a stone staircase leading up here.
The kobold hits you with a short sword.
* * * LOW HITPOINT WARNING * * *
Use which ability? (? or * to list)
You fail to use your ability.
The kobold hits you with a short sword.
You die...

#.................
#.#######..######.
#.# #..# . #.#
#..# #.# #.$ #.#
#.# #K# #@# #.#
#.# #.# #.# #..
#.# #.# #.#


You could see a kobold.

Vanquished Creatures
  Jessica (D:3)
  2 adders
  2 giant mites
  A worm (D:1)
  2 giant geckos (D:2)
  An ooze (D:1)
  5 bats
  2 giant cockroaches (D:1)
  5 goblins
  7 hobgoblins
  A quokka (D:3)
  2 giant newts (D:2)
  7 jackals (D:1)
  2 kobolds
  5 rats
45 creatures vanquished.

Notes
Turn   | Place    | Note
--------------------------------------------------------------
     0 | D:1      | Rycklaryybbe, the Vampire Enchanter, began the quest for the Orb.
     0 | D:1      | Reached XP level 1. HP: 13/13 MP: 4/4
   302 | D:1      | Reached XP level 2. HP: 19/19 MP: 5/5
   306 | D:1      | Learned a level 2 spell: Ensorcelled Hibernation
   526 | D:1      | Reached skill level 5 in Stealth
  1101 | D:1      | Reached XP level 3. HP: 24/24 MP: 4/6
  1529 | D:2      | Reached skill level 6 in Stealth
  1819 | D:2      | Noticed Terence
  2043 | D:2      | Found a snail-covered altar of Cheibriados.
  2416 | D:3      | Reached XP level 4. HP: 30/30 MP: 8/8
  2425 | D:3      | Reached skill level 7 in Stealth
  2451 | D:3      | Noticed Jessica
  2461 | D:3      | Killed Jessica
  2516 | D:3      | HP: 1/30 [kobold/short sword (4)]
  2517 | D:3      | Slain by a kobold

Action                   |  1- 3 |  4- 6 || total
-------------------------+-------+-------++-------
Melee: Dagger            |    88 |       ||    88
       Sabre             |    24 |       ||    24
       Scimitar          |     1 |    23 ||    24
Throw: Dart              |    27 |       ||    27
 Cast: Corona            |    14 |       ||    14
       Ensorcelled Hiber |     7 |     3 ||    10
 Abil: End Transformatio |     2 |       ||     2
       Bat Form          |     2 |       ||     2
 Stab: Sleeping          |     9 |     1 ||    10
